← All builds
Tech / Armada / Economy first / OBSERVED BUILD

Standard tech

Armada Tech (Eco) build order · Supreme Isthmus

Rushes T2 by 4:15, gets Advanced Metal Extractor around 5:28, hands off T2 constructors to Geo and the team, then scales eco and supplies the team's T2 needs through the rest of the game.

Usually first T2 con to Geo (83%)

#eco #t2 #team support · 1579 distinct matches · 255 players · 58% of Armada Tech games · team won 53% of 1874 · Recently observed

HOW TO PLAY IT

Key timing: T2 factory by 4:15

  1. Open 3 mex and heavy wind to fund a fast T2 rush.
  2. Put down Bot Lab, planning to eat it for reclaim soon after.
  3. Get Advanced Bot Lab up, hitting the T2 factory rush timing.
  4. Upgrade mex to Advanced Metal Extractor to lock in team metal income.
  5. Eat Advanced Bot Lab and keep sending cons to Geo and Pond.

Phase by phase

TYPICAL OF ITS 1579 GAMES
  1. 1
  2. 2
  3. 3
  4. 4
PLAY THE OPENING

Follow the example game's first 6:00 step by step: what to build now, what comes next, and where it goes. At 1× it keeps pace with your own game.

  1. 1

    Up to the Bot Lab

    Economy
    • Metal Extractor3Mex
    • Wind Turbine4Wind
    Order
    1. Bot LabBot Lab after 3 mex, 4 winddone ~1:18, middle half 1:13–1:32

    Some games also: energy storage (31%)

    By 1:01 in all: 3 mex · 4 wind

    The example game in this phase · 4 steps
    1. Mex ×3
    2. Wind ×3
    3. Solar
    4. Bot LabBot Labdone 1:19 · typical 1:18
  2. 2

    Bot Lab to Advanced Bot Lab

    Economy
    • Metal Extractor1Mex
    • Wind Turbine8Wind
    • Energy Storage1Energy storage
    Order
    1. Advanced Bot LabAdvanced Bot Lab after 4 mex, 12 wind, 3 con turretdone ~4:16, middle half 4:04–4:30
    Builders
    • Construction Turret3 Con turret
    • Lazarus3 Lazarus
    • Construction Bot2 Con bot
    • Construction Bot1 Con bot for allies

    Some games also: converter (36%)

    By 3:18 in all: 4 mex · 12 wind · 1 energy storage · 3 con turret

    The example game in this phase · 23 steps
    1. LazarusLazarus
    2. Solar
    3. LazarusLazarus
    4. Wind ×2
    5. LazarusLazarus
    6. Wind
    7. Construction BotCon bot
    8. LazarusLazarus
    9. Wind
    10. Construction BotCon botfor Air
    11. Wind
    12. LazarusLazarus
    13. Converter
    14. Construction BotCon bot
    15. Mex
    16. Converter
    17. Energy storage
    18. Converter ×2
    19. Con turret ×2
    20. Converter
    21. Con turret
    22. Wind
    23. Advanced Bot LabAdvanced Bot Labdone 4:51 · typical 4:16
  3. 3

    Advanced Bot Lab to 5:00

    Economy
    • Wind Turbine3Wind
    Order
    1. Bot LabEat Bot Lab
    Builders
    • Advanced Construction Bot1 T2 con bot for allies

    Some games also: converter (35%)

    By 5:00 in all: 4 mex · 15 wind · 1 converter · 1 energy storage · 3 con turret

    The example game in this phase · 4 steps
    1. Converter
    2. Bot LabEat Bot Labreclaimed for its metal
    3. Con turret
    4. Advanced Construction BotT2 con botfor Geo
  4. 4

    5:00 to 10:00

    Economy
    • Wind Turbine43Wind
    • Energy Converter6Converter
    Builders
    • Butler9 Butler
    • Advanced Construction Bot4 T2 con bot for allies
    • Advanced Construction Bot1 T2 con bot

    Some games also: con turret (43%) · Butler for allies (36%)

    By 10:00 in all: 4 mex · 58 wind · 8 converter · 1 energy storage · 3 con turret

    The example game in this phase · 169 steps
    1. Wind ×2
    2. Advanced Metal ExtractorT2 mexdone 5:40 · typical 5:29
    3. GunslingerGunslingerfor Suicide frontdone 6:09
    4. Wind ×2
    5. Advanced Construction BotT2 con botfor Air
    6. Wind ×7
    7. Advanced Metal ExtractorT2 mex
    8. Wind ×4
    9. Advanced Metal ExtractorT2 mex
    10. Wind ×4
    11. Advanced Construction BotT2 con botfor Beach sea
    12. Wind ×3
    13. Energy storage
    14. FatboyFatboyfor Ponddone 8:10
    15. Wind ×4
    16. Advanced Metal ExtractorT2 mex
    17. Wind
    18. Advanced Construction BotT2 con botfor Geo sea
    19. Wind
    20. ButlerButlerfor Geo sea
    21. Wind
    22. ButlerButlerfor Geo sea
    23. Wind
    24. Advanced Construction BotT2 con botfor Pond
    25. Wind ×2
    26. ButlerButler ×2for Beach sea
    27. ButlerButler
    28. Advanced Construction BotT2 con botfor Suicide front
    29. ButlerButler ×2
    30. Converter
    31. ButlerButler ×2
    32. Converter ×3
    33. ButlerButler
    34. Wind ×2
    35. UmbrellaAnti-nukedone 11:13
    36. Converter
    37. Wind
    38. Converter
    39. Wind
    40. Converter
    41. Wind ×2
    42. Con turret
    43. Converter
    44. Wind
    45. Converter
    46. Con turret
    47. Wind
    48. Con turret
    49. Wind
    50. Converter ×2
    51. Wind ×2
    52. Converter
    53. Wind ×5
    54. Converter
    55. Wind ×2
    56. Converter
    57. Wind
    58. Converter
    59. Advanced solar ×2
    60. Advanced Construction BotT2 con bot
    61. Wind
    62. Converter
    63. Wind ×2
    64. Converter
    65. Wind ×2
    66. GhostGhost
    67. TracerTracer
    68. Wind
    69. Converter
    70. GhostGhost
    71. Wind ×2
    72. Converter
    73. Wind
    74. PlatypusPlatypus
    75. Wind
    76. PlatypusPlatypus
    77. Converter
    78. Wind
    79. PlatypusPlatypus
    80. Wind
    81. Converter
    82. Wind
    83. PlatypusPlatypus
    84. Converter
    85. Wind
    86. PlatypusPlatypus
    87. Converter
    88. Wind
    89. PlatypusPlatypus
    90. Converter ×2
    91. PlatypusPlatypus
    92. Converter
    93. Wind
    94. PlatypusPlatypus
    95. Wind
    96. Converter
    97. PlatypusPlatypus
    98. Wind ×2
    99. Converter ×2
    100. PlatypusPlatypus
    101. Wind
    102. Converter
    103. PlatypusPlatypus
    104. Converter
    105. Wind
    106. PlatypusPlatypus
    107. Converter
    108. Wind
    109. Converter
    110. PlatypusPlatypus
    111. Wind
    112. Converter
    113. PlatypusPlatypus
    114. Wind
    115. Converter ×2
    116. PlatypusPlatypus
    117. Wind
    118. Converter
    119. PlatypusPlatypus
    120. Converter
    121. Wind
    122. PlatypusPlatypus
    123. Converter
    124. Wind
    125. Converter
    126. PlatypusPlatypus
    127. Wind ×2
    128. PlatypusPlatypus
    129. Converter
    130. Wind
    131. Converter
    132. Wind
    133. PlatypusPlatypus ×2
    134. Wind ×2
    135. Converter
    136. Wind
    137. PlatypusPlatypus
    138. Converter
    139. Wind ×2
    140. PlatypusPlatypus
    141. Wind
    142. PlatypusPlatypus ×2
    143. Wind
    144. Converter
    145. Wind
    146. Converter
    147. Wind
    148. Fusion ReactorFusionnot finished by 15:00
    149. Metal storage
    150. Wind
    151. Converter
    152. Wind
    153. Converter
    154. Wind
    155. Converter
    156. Wind
    157. Con turret
    158. Converter
    159. Wind ×2
    160. Converter
    161. Advanced Bot LabEat Advanced Bot Labreclaimed for its metal
    162. Converter
    163. Wind ×2
    164. Converter
    165. Wind ×2
    166. Converter
    167. Wind
    168. Converter
    169. Wind

Counts are medians over the build's games: half of them build more, half fewer. The example game is zeus_on_god's (37 OS, 12/10/2026); pick another.

Team trades

IN AT LEAST 30% OF ITS GAMES

You hand over

  • Construction Bot1 Con bot to Airfirst at 2:23 · in 84% of games
  • Advanced Construction Bot5 T2 con bot to Air or Geo sea or Pondfirst at 4:50 · in 99% of games
  • Butler2 Butler to Geo sea or Beach sea or Pondfirst at 9:07 · in 42% of games

You get

  • Hercules1 Light transport from Airfirst at 4:01 · in 86% of games

How it plays out

Typical game of this build, running totals by minute

Metal produced

020k40k
0:005:0010:0015:00

metal

Enemy metal destroyed

050100
0:005:0010:0015:00

metal

Own metal lost

050100150
0:005:0010:0015:00

metal

1874 games.

Show as table
ByMetal produced: This buildEnemy metal destroyed: This buildOwn metal lost: This build
1:0038300
2:0091500
3:00165100
4:00314400
5:00484700
6:00580000
7:00722700
8:00906100
9:001117300
10:001350300
11:001624200
12:001965600
13:002344500
14:0027362073
15:003154285130
WHAT THE NUMBERS SAY

Standard Tech play barely fights at all early, instead pouring metal into T2 infrastructure and constructors for the team.

  • + Metal produced hits 31679 by 15:00, by far the highest of any role here.
  • + T2 factory reached in 97% of games by 4:15, fastest and most reliable T2 timing.
  • − Enemy metal destroyed stays at 0 through 10:00, no early offense at all.
  • − Own metal lost also near 0, showing total avoidance of combat risk.
THE EXAMPLE YOU ARE READING

zeus_on_god

37.2 OS · 12/10/2026

Open source match ↗

5 received units · includes a constructor
2402 metal received · 100638 energy received

Allied construction assistance is unknown. Timings are observations, not a promise of solo reproducibility.

Typical milestones

Bot Lab1:18Middle 50%: 1:13–1:32 · n=1874
Advanced Bot Lab4:16Middle 50%: 4:04–4:30 · n=1867
Advanced Metal Extractor5:29Middle 50%: 5:05–5:59 · n=1870

Played most by

Amrissa93games of this buildTheGeneraI66games of this buildAdeus57games of this buildEl_Turco56games of this buildKOT_43games of this build